 Dungeon Crawl Stone Soup version 0.27-a0-1434-g6f15984924 (webtiles) character file.

Game seed: 2242442799835663414

49 Snarg the Covered (level 4, -10/34 HPs)
             Began as a Djinni Wanderer on July 4, 2021.
             Killed by divine providence
             ... invoked by an orc priest
              (12 damage)
             ... on level 2 of the Dungeon.
             The game lasted 00:08:49 (3801 turns).

Snarg the Covered (Djinni Wanderer)                 Turns: 3801, Time: 00:08:50

Health: -10/34     AC:  8    Str:  7    XL:     4   Next: 2%
Gold:   46         EV:  8    Int: 18    God:
                   SH:  0    Dex: 13

rFire    + + .     SeeInvis .   a - +0 dagger
rCold    x . .     Faith    .   (no shield)
rNeg     . . .     Spirit   .   b - +2 scale mail
rPois    ∞         Reflect  .   (no helmet)
rElec    .         Harm     .   (no cloak)
rCorr    .         Rampage  .   (no gloves)
Will     .....                  (boots unavailable)
Stlth    ..........             (no amulet)
HPRegen  0.11/turn              (no ring)
MPRegen  0.00/turn              (no ring)

@: flying
A: sickness immunity, fire resistance 2, cold vulnerability 1, float, innate
caster, hp casting, extra vitality 1
a: no special abilities


You were on level 2 of the Dungeon.
You visited 1 branch of the dungeon, and saw 2 of its levels.

You collected 46 gold pieces.

Inventory:

Hand Weapons
 a - a +0 dagger (weapon)
 g - a +0 whip
Missiles
 e - 33 stones
Armour
 b - a +2 scale mail (worn)
 h - a +0 robe
Scrolls
 d - a scroll of teleportation {unknown}
 i - a scroll of enchant armour {unknown}


   Skills:
 + Level 2.6 Fighting
 - Level 1.1 Short Blades
 - Level 1.0 Axes
 - Level 3.3 Armour
 + Level 2.0 Dodging
 + Level 1.0 Stealth
 + Level 1.0 Shields
 * Level 1.1 Spellcasting


You couldn't memorise any spells.
You knew the following spells:

 Your Spells              Type           Power      Damage    Failure   Level
a - Call Canine Familiar  Summ           5%         N/A       99%         3
b - Summon Small Mammal   Summ           20%        N/A       80%         1
c - Pain                  Necr           20%        1d5       80%         1
d - Vampiric Draining     Necr           2%         2d6       99%         3
e - Sting                 Tmut/Pois      20%        1d4       80%         1

Your spell library contained the following spells:

 Spells                   Type           Power      Damage    Failure   Level


Dungeon Overview and Level Annotations

Branches:
Dungeon (2/15)

Altars:

Annotations:
D:1 clr


Innate Abilities, Weirdness & Mutations

You are immune to sickness and miasma.
You are immune to poison.
Your flesh is very heat resistant. (rF++)
You are vulnerable to cold. (rC-)
You float through the air rather than walking.
You learn spells naturally, not from books.
Your magical power is your life essence.
You have superior vitality. (+4 HP)


Message History

The orc closely misses you.
You hit the orc but do no damage.
The orc is almost dead.
The orc barely misses you.
The orc priest casts a cantrip, but nothing happens.
You hit the orc.
You kill the orc!
You have reached level 4!
You feel clever.
You hit the orc priest but do no damage.
You hit the orc priest but do no damage.
The orc priest mumbles some strange prayers to Beogh against you.
Pain shoots through your body!
* * * LOW HITPOINT WARNING * * *
You closely miss the orc priest. The orc priest barely misses you.
You aren't carrying any potions.
As you read the scroll labelled VUN URAROIC, it crumbles to dust.
It is a scroll of amnesia.
You feel forgetful for a moment.
The orc priest hits you with a +0 flail.
* * * LOW HITPOINT WARNING * * *
Unknown command.
You hit the orc priest.
The orc priest is lightly wounded.
The orc priest hits you with a +0 flail.
* * * LOW HITPOINT WARNING * * *
You hit the orc priest.
The orc priest is lightly wounded.
The orc priest hits you but does no damage.
You hit the orc priest.
The orc priest is moderately wounded.
The orc priest barely misses you.
You hit the orc priest but do no damage.
The orc priest is moderately wounded.
The orc priest barely misses you.
You hit the orc priest but do no damage.
The orc priest is moderately wounded.
The orc priest mumbles some strange prayers to Beogh against you.
Beogh smites you!
You die...

####### #.........##......
#.....# #.................
#.....# #.o............... .
###.....#####.o..)............ ..
..'.....'..o...#o.............
...###.....######.#.###..........
...........'.o.†o.#........##+#'#
......÷....########.............#
#########.......@o'......##.....#
#.#########......#......# #.#
#......#......# #.#
#......#......# #.#
########....... #.# #.........##
#.# #........... #.# #.....######
#.....#


You could see an orc priest.

Vanquished Creatures
  An adder (D:1)
  3 dart slugs
  2 orcs (D:2)
  2 bats
  3 endoplasms
  3 giant cockroaches (D:1)
  A goblin (D:1)
  2 hobgoblins
  2 jackals (D:1)
  2 quokkas (D:2)
  A ball python (D:1)
  3 frilled lizards (D:1)
  4 kobolds
  A rat (D:1)
30 creatures vanquished.

Vanquished Creatures (others)
  5 plants (D:1)
5 creatures vanquished.

Grand Total: 35 creatures vanquished

Notes
Turn   | Place    | Note
-------+----------+-------------------------------------------
     0 | D:1      | Snarg the Djinni Wanderer began the quest for the Orb.
     0 | D:1      | Reached XP level 1. HP: 18/18 MP: 0/0
   152 | D:1      | Reached XP level 2. HP: 5/23 MP: 0/0
  1211 | D:1      | Reached XP level 3. HP: 28/29 MP: 0/0
  1211 | D:1      | Learned a level 1 spell: Sting
  3573 | D:2      | Reached skill level 1 in Spellcasting
  3779 | D:2      | HP: 1/29 [orc (1)]
  3793 | D:2      | Reached XP level 4. HP: 17/34 MP: 0/0
  3801 | D:2      | Killed from afar by an orc priest

Illustrated notes

Levels and vault maps discovered:
D:1:      lightli_arrival_flooded_house, layout_basic, kennysheep_boxes
D:2:      layout_basic, basic_ecumenical_altar, serial_shops, shop,
          minmay_misc_feat_x, minmay_ruptured, uniq_natasha

Skill      XL: |  1  2  3 |
---------------+----------+-----
Dodging        | 2 |  2.0
Spellcasting   | 1 |  1.1
Fighting       | |  2.6
Short Blades   | |  1.1
Axes           | |  1.0
Armour         | |  3.3
Stealth        | |  1.0
Shields        | |  1.0

Action                   |  1- 3 |  4- 6 || total
-------------------------+-------+-------++-------
Melee: Dagger            |   367 |     8 ||   375
 Cast: Summon Small Mamm |     1 |       ||     1
       Sting             |     1 |       ||     1
  Use: Scroll            |     1 |     1 ||     2
       Potion            |     1 |       ||     1
Armor: Scale mail        |   250 |     1 ||   251
Dodge: Dodged            |   152 |     3 ||   155

Table legend: (Time is in decaauts)
 A = Elapsed time spent in this place.
 B = Non-inter-level travel time spent in this place.
 C = Inter-level travel time spent in this place.
 D = Time resting spent in this place.
 E = Time spent auto-exploring this place.
 F = Levels seen in this place.
 G = Mean time per level.
                   A        B        C        D        E       F      G
               +--------+--------+--------+--------+--------+-----+--------+
         Total |   3785 |   3726 |     59 |   1342 |   1663 |   2 | 1892.5 |
       Dungeon |   3785 |   3726 |     59 |   1342 |   1663 |   2 | 1892.5 |
               +--------+--------+--------+--------+--------+-----+--------+

Top non-repeatable levels by time:
     D:1: 2299 daAuts
     D:2: 1486 daAuts
